Map: [ESL] Gresvan

Players

gumiho - Winner!

  • Race: Terran Terran
  • Spawn Location: 5:00

DnS

  • Race: Protoss Protoss
  • Spawn Location: 11:00

Event: HomeStory Cup XXIII

VOD

Have the link to the VOD?

Description

Time

  • Played on: July 1, 2023, 8:06 a.m.
  • Length: 6:36

All games in this series

Show
View Real Time Build Order
Export as new Build Order

gumiho Terran - Winner!

Build Orders:  

Get SALT Encoding   

  12  0:00  SCV  
  13  0:12  SCV  
  14  0:16  Supply Depot  
  14  0:24  SCV  
  15  0:38  SCV  
  15  0:39  Barracks  
  16  0:43  Refinery  
  16  0:50  SCV  
  16  0:52  Refinery  
  17  1:02  SCV  
  18  1:14  SCV  
  19  1:26  Orbital Command, Reaper  
  19  1:27  Supply Depot  
  20  1:40  Factory  
  20  1:52  SCV  
  21  1:58  Barracks Reactor  
  21  2:04  SCV  
  22  2:14  Command Center  
  22  2:18  SCV  
  23  2:24  Hellion  
  25  2:30  SCV  
  25  2:32  Supply Depot  
  25  2:35  Reaper  
  25  2:36  Reaper  
  28  2:42  SCV  
  29  2:45  Hellion  
  31  2:53  Starport  
  31  2:55  SCV  
  32  3:07  SCV  
  32  3:08  Marine, Factory Tech Lab  
  32  3:09  Marine  
  35  3:19  SCV  
  36  3:26  Marine x2, Cyclone  
  41  3:30  Orbital Command  
  41  3:34  Starport Tech Lab  
  41  3:44  Marine  
  41  3:48  SCV  
  41  3:50  Refinery  
  41  3:53  Marine  
  40  3:58  Cyclone  
  40  4:02  Marine, SCV  
  45  4:07  SCV  
  45  4:11  Marine  
  45  4:15  SCV  
  47  4:19  SCV  
  47  4:20  Marine  
  48  4:25  Supply Depot  
  48  4:27  SCV  
  48  4:28  Raven  
  48  4:30  Cyclone  
  54  4:34  SCV, Mag-Field Accelerator  
  54  4:42  Supply Depot  
  54  4:47  SCV  
  54  4:49  SCV  
  56  4:56  Command Center  
  56  4:59  SCV  
  57  5:01  SCV  
  57  5:02  Cyclone  
  57  5:05  Raven  
  63  5:11  SCV  
  63  5:12  Supply Depot  
  63  5:13  SCV  
  65  5:14  Marine x2  
  67  5:23  SCV  
  67  5:26  SCV  
  69  5:28  Refinery  
  69  5:32  Marine  
  69  5:33  Marine, Supply Depot  
  69  5:35  SCV, Cyclone  
  75  5:36  Supply Depot  
  75  5:39  SCV  
  75  5:41  Raven  
  78  5:54  Marine x2, SCV  
  78  5:55  SCV  
  82  6:07  SCV  
  82  6:08  SCV  
  82  6:09  Factory  
  87  6:12  Marine x2  
  87  6:14  Factory  
  87  6:15  Refinery  
  89  6:19  SCV  
  89  6:20  SCV, Refinery  
Show
View Real Time Build Order
Export as new Build Order

DnS Protoss 

Build Orders: 1 Gate Expand, Phoenix Opening 

Get SALT Encoding   

  12  0:00  Probe  
  13  0:12  Probe  
  14  0:16  Pylon  
  14  0:24  Probe (Chrono Boost)  
  15  0:36  Probe (Chrono Boost), Gateway  
  16  0:44  Probe (Chrono Boost)  
  16  0:45  Assimilator  
  17  0:51  Probe  
  18  1:03  Probe  
  19  1:17  Probe  
  20  1:23  Cybernetics Core  
  20  1:33  Nexus  
  20  1:39  Pylon  
  20  1:42  Probe  
  21  1:48  Assimilator  
  21  1:54  Probe  
  21  1:57  Adept (Chrono Boost)  
  24  2:06  Probe  
  25  2:13  Stargate  
  25  2:19  Probe  
  25  2:20  Adept  
  28  2:31  Probe, Warp Gate  
  30  2:46  Probe (Chrono Boost)  
  30  2:47  Probe (Chrono Boost)  
  30  2:50  Adept  
  33  2:55  Probe (Chrono Boost)  
  33  2:56  Phoenix  
  33  2:57  Probe (Chrono Boost)  
  37  3:00  Probe (Chrono Boost)  
  37  3:05  Pylon  
  38  3:07  Probe (Chrono Boost)  
  38  3:12  Probe (Chrono Boost)  
  41  3:21  Phoenix  
  41  3:24  Probe (Chrono Boost)  
  41  3:25  Probe (Chrono Boost)  
  44  3:29  Probe (Chrono Boost)  
  44  3:32  Probe (Chrono Boost)  
  42  3:46  Phoenix (Chrono Boost)  
  42  3:48  Probe x2  
  42  3:49  Adept (Chrono Boost)  
  40  4:00  Probe x2  
  40  4:02  Phoenix (Chrono Boost)  
  38  4:14  Probe (Chrono Boost)  
  37  4:17  Probe (Chrono Boost)  
  37  4:19  Adept  
  37  4:23  Probe (Chrono Boost)  
  38  4:26  Probe (Chrono Boost)  
  38  4:28  Probe (Chrono Boost)  
  40  4:36  Probe  
  40  4:40  Probe  
  40  4:42  Robotics Facility  
  40  4:45  Adept  
  43  4:46  Phoenix  
  43  4:50  Probe (Chrono Boost)  
  47  4:52  Probe (Chrono Boost)  
  47  4:58  Shield Battery  
  43  5:04  Probe (Chrono Boost)  
  43  5:06  Probe (Chrono Boost)  
  45  5:09  Probe (Chrono Boost)  
  45  5:11  Phoenix, Stalker  
  45  5:13  Probe  
  51  5:19  Probe  
  52  5:26  Probe  
  53  5:34  Pylon  
  53  5:40  Probe  
  53  5:42  Assimilator  
  54  5:44  Assimilator  
  54  5:52  Probe, Immortal  
  54  5:55  Stalker  
  61  6:05  Pylon x2  
  61  6:08  Probe  
  61  6:10  Gateway  
  62  6:12  Pylon  
  62  6:19  Robotics Bay  
  62  6:23  Probe  
  65  6:28  Stalker  
Tags
 
Add a new tag
Caveats
  • Supply blocks, unpowered buildings, or Contaminate may cause inaccurate times.
  • Supply counts are checked every 10 seconds.